AoeStats
← Хан Крум

Arena

507723069Analyzed
4v4 RM · 12d ago on Sep 19, 2026· 44m 26s· 8 players
Game mode
Random Map
Map size
Large (8 player)
Population
200
Speed
Normal
Resources
Standard
Victory
Conquest
Starting age
Dark Age
Ending age
Imperial Age
RankedLock teamsTeams togetherTeam positionsShared explorationLock speedFull tech treeHidden civsTurbo modeCheats
Victory
Defeat
🇲🇽 Hindustanis · Mexico
1083
+16
🇪🇸 Teutons · Spain
1070
+16
🇪🇸 Mongols · Spain
1057
+17
🇷🇴 Franks · Romania
1039
+18
🇫🇷 Celts · France
1174
-20
🇬🇪 Japanese · Georgia
1077
-17
🇧🇬 Bulgarians · Bulgaria
1055
-16
🇳🇱 Turks · Netherlands
1010
-14
kiko1994
10:41 Feudal Age
15:48 Castle Age
13:43 Double-Bit Axe
16:57 Wheelbarrow
15:46 Man-at-Arms
16:52 Bow Saw
16:35 Long Swordsman
17:57 Loom
20:54 Gold Mining
22:20 Forging
23:38 Gambesons
23:58 Scale Mail Armor
24:46 Squires
25:08 Arson
26:40 Horse Collar
27:19 Chain Mail Armor
37:38 Imperial Age
35:37 Masonry
34:50 Pikeman
35:58 Hand Cart
35:29 Town Watch
35:36 Fletching
37:03 Iron Casting
37:39 Two-Handed Swordsman
38:40 Conscription
38:25 Capped Ram
38:28 Onager
40:09 Blast Furnace
39:34 Ironclad
39:34 Crenellations
39:18 Champion
40:18 Stone Mining
40:57 Scale Barding Armor
41:24 Plate Mail Armor
40:48 Halberdier
Rey de Copas
10:37 Feudal Age
14:12 Castle Age
12:38 Double-Bit Axe
12:34 Horse Collar
25:37 Bloodlines
26:50 Forging
26:46 Scale Barding Armor
29:52 Imperial Age
28:08 Wheelbarrow
27:52 Heavy Plow
28:51 Iron Casting
28:44 Husbandry
29:55 Heavy Camel Rider
31:09 Chain Barding Armor
32:45 Blast Furnace
33:42 Imperial Camel Rider
35:17 Bow Saw
35:00 Fletching
35:11 Padded Archer Armor
36:25 Chemistry
35:45 Ballistics
34:51 Elite Skirmisher
35:54 Thumb Ring
36:44 Bodkin Arrow
37:04 Leather Archer Armor
37:50 Bracer
39:46 Ring Archer Armor
43:20 Plate Barding Armor
MIKELROSSI
10:29 Feudal Age
12:19 Double-Bit Axe
14:51 Castle Age
13:10 Double-Bit Axe
13:44 Loom
15:53 Horse Collar
16:25 Bow Saw
16:47 Loom
20:45 Gold Mining
21:18 Scale Barding Armor
23:27 Fletching
23:56 Thumb Ring
24:50 Ballistics
25:29 Wheelbarrow
25:40 Padded Archer Armor
26:53 Gold Shaft Mining
26:21 Stone Mining
27:35 Hand Cart
30:18 Husbandry
30:29 Bloodlines
33:42 Imperial Age
30:59 Town Watch
31:44 Chain Barding Armor
31:20 Bodkin Arrow
31:41 Leather Archer Armor
32:25 Heavy Plow
33:21 Murder Holes
33:38 Masonry
35:27 Conscription
35:41 Bracer
35:48 Town Patrol
37:15 Fortified Wall
38:22 Chemistry
39:07 Elite Mangudai
45:18 Drill
KingR
10:02 Feudal Age
10:50 Double-Bit Axe
12:03 Loom
16:24 Castle Age
15:55 Scale Barding Armor
19:34 Wheelbarrow
19:01 Town Watch
24:14 Hand Cart
24:46 Gold Mining
29:40 Imperial Age
28:14 Gold Shaft Mining
27:55 Bow Saw
29:04 Gold Shaft Mining
30:18 Husbandry
31:29 Chemistry
33:07 Padded Archer Armor
32:57 Fletching
39:34 Masonry
39:29 Town Patrol
steven.gimenez
0:59 Loom
10:07 Feudal Age
15:25 Castle Age
14:14 Double-Bit Axe
14:22 Horse Collar
20:38 Man-at-Arms
21:41 Scale Mail Armor
22:15 Bow Saw
22:45 Long Swordsman
24:44 Forging
25:22 Chain Mail Armor
28:01 Iron Casting
33:33 Imperial Age
31:17 Gambesons
32:26 Wheelbarrow
33:05 Arson
33:37 Two-Handed Swordsman
34:52 Plate Mail Armor
35:05 Champion
39:09 Blast Furnace
38:43 Gold Mining
novko
3:46 Loom
10:27 Feudal Age
17:26 Castle Age
17:34 Double-Bit Axe
20:11 Bow Saw
21:23 Pikeman
22:46 Gambesons
23:02 Squires
28:19 Forging
28:09 Scale Mail Armor
35:33 Imperial Age
36:33 Gold Mining
36:33 Stone Mining
36:16 Halberdier
36:33 Elite Skirmisher
37:18 Thumb Ring
37:40 Thumb Ring
38:40 Wheelbarrow
37:50 Town Watch
41:24 Chemistry
41:46 Ballistics
Хан Крум
10:46 Feudal Age
11:20 Horse Collar
11:59 Double-Bit Axe
20:08 Castle Age
18:32 Gold Mining
21:35 Bow Saw
24:07 Imperial Age
22:42 Bow Saw
22:47 Loom
25:04 Wheelbarrow
25:30 Town Watch
33:03 Bloodlines
35:11 Hand Cart
37:37 Forging
37:32 Scale Barding Armor
Dante_in_the_deep
11:16 Feudal Age
12:14 Loom
15:56 Castle Age
14:12 Double-Bit Axe
14:46 Horse Collar
22:07 Bow Saw
25:09 Wheelbarrow
24:27 Gold Mining
24:40 Heavy Plow
38:02 Elite Skirmisher
40:10 Padded Archer Armor
40:03 Fletching
Connection lost

Rejoining the realm…

Still unreachable

The connection could not be restored.

Session expired

The server has moved on; the page needs a fresh start.